 Dungeon Crawl Stone Soup version 0.21.1-1-g345015f (webtiles) character file.

2618 Krilegs the Cleaver (level 9, -14/81 HPs)
             Began as a Hill Orc Fighter on May 7, 2018.
             Was a Priest of Okawaru.
             Shot with a bolt by an orc warlord (16 damage)
             ... in a bailey.
             The game lasted 00:24:41 (6867 turns).

Krilegs the Cleaver (Hill Orc Fighter)              Turns: 6867, Time: 00:24:42

Health: -14/81     AC: 19    Str: 24    XL:     9   Next: 60%
Magic:  9/9        EV:  7    Int:  8    God:    Okawaru [***...]
Gold:   517        SH:  9    Dex: 12    Spells: 8/8 levels left

rFire    + + .     SeeInvis .   a - +1 war axe
rCold    . . .     Gourm    .   c - +0 shield
rNeg     . . .     Faith    .   m - +1 chain mail
rPois    +         Spirit   .   (helmet restricted)
rElec    +         Reflect  .   e - +2 cloak
rCorr    +         Harm     .   C - +0 pair of gloves
MR       .....                  (no boots)
Stlth    ..........             (no amulet)
HPRegen  0.23/turn              g - ring of fire
MPRegen  0.11/turn              i - +4 ring of protection

@: about to teleport, resistant
A: horns 1, agile 1, strong 1, sturdy frame 1
a: Heroism, Renounce Religion


You were in a bailey.
You worshipped Okawaru.
Okawaru was most pleased with you.
You were not hungry.

You visited 2 branches of the dungeon, and saw 8 of its levels.
You also visited: Ossuary and Bailey.

You collected 517 gold pieces.

Inventory:

Hand Weapons
 a - a +1 war axe (weapon)
 s - a +3 hand axe
 u - a +1 spear of freezing
 v - a +2 spear of pain
 A - a +3 hand axe
Missiles
 t - 40 arrows
Armour
 c - a +0 shield (worn)
 e - a +2 cloak (worn)
 m - a +1 chain mail (worn)
 C - a +0 pair of gloves (worn)
Jewellery
 g - a ring of fire (left hand)
 i - a +4 ring of protection (right hand)
 o - an uncursed ring of stealth
 y - an uncursed ring of protection from fire
Wands
 B - a wand of digging (10)
Scrolls
 b - a scroll of enchant armour
 h - 2 scrolls of teleportation
 l - 9 scrolls of remove curse
 p - 3 scrolls of identify
Potions
 j - 11 potions of degeneration
 k - 3 potions of curing
 n - 2 potions of brilliance
Books
 q - a book of Cantrips

   Spells                             Type                      Level
   a - Confusing Touch                Hexes                        1
   b - Animate Skeleton               Necromancy                   1
   c - Summon Small Mammal            Summoning                    1
   d - Apportation                    Translocation                1
Comestibles
 f - 4 rations


   Skills:
 * Level 7.9 Fighting
 * Level 13.1 Axes
 + Level 6.0 Armour
 - Level 0.6 Dodging
 - Level 0.2 Stealth
 - Level 3.2 Shields
 - Level 0.4 Invocations
 + Level 0.1 Evocations


You had 8 spell levels left.
You didn't know any spells.

Dungeon Overview and Level Annotations

Branches:
Dungeon (7/15)             Temple (1/1) D:4

Altars:
Ashenzari
Cheibriados
Dithmenos
Elyvilon
Fedhas
Gozag
Hepliaklqana
Kikubaaqudgha
Makhleb
Nemelex Xobeh
Okawaru
Qazlal
Ru
Sif Muna
Trog
Uskayaw
Vehumet
Wu Jian
Xom
Zin
The Shining One


Innate Abilities, Weirdness & Mutations

You have a pair of small horns on your head.
You are agile. (Dex +2)
Your muscles are strong. (Str +2)
Your movements are slightly less encumbered by armour. (ER -2)


Message History

* * * LOW HITPOINT WARNING * * *
You hit the orc warlord but do no damage.
The orc warlord is moderately wounded.
You slash the orc warlord!
The orc warlord is heavily wounded.
The orc warlord roars a battlecry!
You slice the orc warlord!!
The orc warlord is severely wounded.
The orc warlord hits you with an uncursed dire flail!
* * * LOW HITPOINT WARNING * * *
The orc knight shouts!
As you read the scroll of teleportation, it crumbles to dust.
You feel strangely unstable.
The orc warlord hits you with an uncursed dire flail!
* * * LOW HITPOINT WARNING * * *
You block the orc warrior's attack.
The orc warlord unwields an uncursed dire flail.
The orc warlord wields an uncursed arbalest.
The orc warlord shoots a bolt.
The bolt hits you!
You die...

### ### ###.### ###.###
###.....### ###.....###
##.........###.........##
#.........@)#)..........#
#...........oog(........#
#.....⌠....o#)....⌠.....#
#...........#...........#
#...........#...........#
###)........###.........###
♣ ###.#[#.....###
###.....#o#.##
♣###...).###.###
###.###..... ##.......go###
..###.......


You could see an orc warlord, an orc knight, an orc warrior and a goblin.

Vanquished Creatures
  An orc knight (Bailey)
  A water moccasin (D:6)
  5 orc warriors (Bailey)
  2 phantoms
  4 ogres
  A bullfrog (D:6)
  The ghost of AdmiralAndromeda the Twirler, a weakling OgGl of Uskayaw (D:3)
  2 scorpions (D:6)
  A howler monkey (D:5)
  2 centaur skeletons (D:4)
  An orc priest (D:6)
  A bullfrog skeleton (D:4)
  Ijyb (D:5)
  3 worker ants
  A big kobold zombie (Ossuary)
  8 mummies (Ossuary)
  23 gnolls
  A howler monkey skeleton (D:5)
  10 adders
  An ooze (D:4)
  11 dart slugs
  3 leopard geckos
  19 orcs
  3 giant cockroaches
  A gnoll zombie (Ossuary)
  14 hobgoblins
  4 jackals (D:1)
  4 quokkas
  3 ball pythons
  4 bats
  8 frilled lizards
  29 goblins
  3 hobgoblin zombies (Ossuary)
  6 kobolds
  2 kobold zombies (Ossuary)
  A leopard gecko zombie (D:6)
  An orc zombie (Ossuary)
  A quokka skeleton (D:4)
  5 rats
192 creatures vanquished.

Notes
Turn   | Place    | Note
-------+----------+-------------------------------------------
     0 | D:1      | Krilegs the Hill Orc Fighter began the quest for the Orb.
     0 | D:1      | Reached XP level 1. HP: 19/19 MP: 1/1
     1 | D:1      | Noticed an electric eel
   252 | D:2      | Reached XP level 2. HP: 24/27 MP: 2/2
   393 | D:1      | Reached skill level 3 in Axes
   756 | D:1      | Reached XP level 3. HP: 29/33 MP: 3/3
  1346 | D:2      | Reached skill level 4 in Axes
  1346 | D:2      | Reached XP level 4. HP: 40/40 MP: 4/4
  1947 | D:3      | Noticed AdmiralAndromeda's ghost (weakling OgGl)
  1968 | D:3      | Killed AdmiralAndromeda's ghost
  1968 | D:3      | Reached skill level 5 in Axes
  1968 | D:3      | Reached XP level 5. HP: 31/47 MP: 5/5
  2466 | D:4      | Found a staircase to the Ecumenical Temple.
  2468 | D:4      | Reached skill level 6 in Axes
  2500 | Temple   | Entered the Ecumenical Temple
  2564 | Temple   | Became a worshipper of Warmaster Okawaru
  2772 | D:4      | Noticed an ogre
  2777 | D:4      | Killed an ogre
  2777 | D:4      | Reached skill level 7 in Axes
  2777 | D:4      | Reached XP level 6. HP: 33/55 MP: 6/6
  2998 | D:4      | Found a sand-covered staircase.
  3004 | Ossuary  | Entered an ossuary
  3031 | Ossuary  | Reached skill level 5 in Fighting
  3038 | Ossuary  | Reached * piety under Okawaru
  3236 | Ossuary  | Reached XP level 7. HP: 51/61 MP: 7/7
  3257 | Ossuary  | Reached skill level 8 in Axes
  4486 | D:5      | Entered Level 5 of the Dungeon
  4487 | D:5      | Noticed Ijyb
  4488 | D:5      | Paralysed by Ijyb for 5 turns
  4499 | D:5      | Killed Ijyb
  4499 | D:5      | Reached skill level 9 in Axes
  4668 | D:5      | Reached ** piety under Okawaru
  4668 | D:5      | Reached XP level 8. HP: 63/70 MP: 8/8
  4695 | D:5      | Reached skill level 10 in Axes
  5515 | D:6      | Reached skill level 5 in Armour
  5538 | D:6      | Gained mutation: You are agile. (Dex +2) [potion of mutation]
  5538 | D:6      | Gained mutation: Your movements are slightly less encumbered by armour. (ER -2) [potion of mutation]
  5538 | D:6      | Gained mutation: You have a pair of small horns on your head. [potion of mutation]
  5538 | D:6      | Gained mutation: Your muscles are strong. (Str +2) [potion of mutation]
  5806 | D:6      | Reached skill level 11 in Axes
  6299 | D:7      | Found a flagged portal.
  6323 | Bailey   | Entered a bailey
  6392 | Bailey   | Reached XP level 9. HP: 73/78 MP: 9/9
  6464 | Bailey   | Noticed an orc knight
  6480 | Bailey   | Reached skill level 12 in Axes
  6730 | Bailey   | Killed an orc knight
  6730 | Bailey   | Reached *** piety under Okawaru
  6757 | Bailey   | Reached skill level 13 in Axes
  6802 | Bailey   | Noticed an orc knight
  6823 | Bailey   | Noticed an orc warlord
  6866 | Bailey   | HP: 2/81 [orc warlord/uncursed dire flail (9)]
  6867 | Bailey   | Shot with a bolt by an orc warlord

Skill      XL: |  1  2  3  4  5  6  7  8  9 |
---------------+----------------------------+-----
Axes           | 3 4 5 7 9 11 13 | 13.1
Fighting       | 4 5 6 7 |  7.9
Armour         | 4 5 6 |  6.0
Dodging        | |  0.6
Stealth        | |  0.2
Shields        | |  3.2
Invocations    | |  0.4
Evocations     | |  0.1

Action                   |  1- 3 |  4- 6 |  7- 9 || total
-------------------------+-------+-------+-------++-------
Melee: War axe           |   164 |   147 |   344 ||   655
       Headbutt          |       |       |    47 ||    47
Invok: Heroism           |       |       |     2 ||     2
Evoke: Wand              |       |       |     6 ||     6
  Use: Scroll            |     4 |     2 |     7 ||    13
       Potion            |       |     1 |    16 ||    17
 Stab: Paralysed         |       |       |     4 ||     4
  Eat: Chunk             |     2 |       |     1 ||     3
       Ration            |       |     2 |     3 ||     5
Armor: Scale mail        |    32 |       |       ||    32
       Chain mail        |    95 |    74 |   148 ||   317
Dodge: Dodged            |    37 |    28 |    62 ||   127
Block: Shield            |    89 |    65 |   137 ||   291
